 Dungeon Crawl Stone Soup version 0.21.1-1-g345015f (webtiles) character file.

81 batai666 the Digger (level 4, -6/24 HPs)
             Began as a Gargoyle Earth Elementalist on Feb 27, 2018.
             Mangled by shakethe's ghost (11 damage)
             ... on level 3 of the Dungeon.
             The game lasted 00:08:42 (2104 turns).

batai666 the Digger (Gargoyle Earth Elementalist)   Turns: 2104, Time: 00:08:43

Health: -6/24      AC:  6    Str: 12    XL:     4   Next: 40%
Magic:  0/8        EV: 12    Int: 16    God:
Gold:   148        SH:  0    Dex: 10    Spells: 5/9 levels left

rFire    . . .     SeeInvis .   m - +1 short sword (protect)
rCold    . . .     Gourm    .   (no shield)
rNeg     + . .     Faith    .   c - +0 robe
rPois    ∞         Spirit   .   q - +0 helmet
rElec    +         Reflect  .   (no cloak)
rCorr    .         Harm     .   (no gloves)
MR       .....                  (no boots)
Stlth    ++........             (no amulet)
HPRegen  0.08/turn              g - ring of fire
MPRegen  0.11/turn              h - ring of ice

@: no status effects
A: negative energy resistance 1, electricity resistance, unbreathing,
petrification resistance, rot immunity, AC +3
a: no special abilities


You were on level 3 of the Dungeon.
You were not hungry.

You visited 1 branch of the dungeon, and saw 3 of its levels.

You collected 148 gold pieces.

Inventory:

Hand Weapons
 a - a +0 spear
 m - a +1 short sword of protection (weapon)
Missiles
 b - 52 stones (quivered)
Armour
 c - a +0 robe (worn)
 q - a +0 helmet (worn)
Jewellery
 g - a ring of fire (left hand)
 h - a ring of ice (right hand)
Scrolls
 f - 3 scrolls of amnesia {unknown}
 k - a scroll of enchant weapon {unknown}
 l - a scroll of remove curse {unknown}
 n - 3 scrolls of teleportation
 r - a scroll of fog {unknown}
 s - a scroll of identify {unknown}
Potions
 j - a potion of curing {unknown}
 o - 2 potions of might {unknown}
 p - a potion of mutation {unknown}
Books
 e - a book of Geomancy

   Spells                             Type                      Level
   a - Sandblast                      Earth                        1
   b - Passwall                       Transmutation/Earth          2
   c - Stone Arrow                    Conjuration/Earth            3
   d - Petrify                        Transmutation/Earth          4
   e - Lee's Rapid Deconstruction     Earth                        5
Comestibles
 d - a ration


   Skills:
 - Level 1.5 Dodging
 - Level 2.1 Stealth
 + Level 3.2 Spellcasting
 + Level 0.3 Conjurations
   Level 0.7 Transmutations
 + Level 5.0 Earth Magic


You had 5 spell levels left.
You knew the following spells:

 Your Spells              Type           Power        Failure   Level  Hunger
a - Sandblast             Erth           ###...       2%          1    None
b - Stone Arrow           Conj/Erth      ##....       19%         3    ###....


Dungeon Overview and Level Annotations

Branches:
Dungeon (3/15)

Altars:
Yredelemnul

Annotations:
D:3 shakethe's ghost, weakling DsGl


Innate Abilities, Weirdness & Mutations

You are resistant to torment.
Your stone body is resilient. (AC +3)
You are immune to poison.
You resist negative energy. (rN+)
You are resistant to electric shocks. (rElec)
You can survive without breathing.
You are immune to petrification.
You are immune to rotting.


Message History

Casting: Stone Arrow
Confirm with . or Enter, or press ? or * to list all spells.
Aiming: Sandblast
Press: ? - help, Shift-Dir - straight line, f/p - shakethe's ghost
Aim: shakethe's ghost (heavily damaged)
The blast of sand misses shakethe's ghost.
b - 53 stones Shakethe's ghost barely misses you.
Casting: Sandblast
Confirm with . or Enter, or press ? or * to list all spells.
Aiming: Sandblast
Press: ? - help, Shift-Dir - straight line, f/p - shakethe's ghost
Aim: shakethe's ghost (heavily damaged)
The blast of sand hits shakethe's ghost.
Shakethe's ghost is heavily damaged.
b - 52 stones Shakethe's ghost hits you!
* * * LOW HITPOINT WARNING * * *
Shakethe's ghost hits you!
You die...

.....# .....#
....>#
###.....
##.....####
##..........
##...........
#..%.@.......
#.....W......
#.......%....
#............
#............
##...........
#...........
....###.####


You could see shakethe's ghost.

Vanquished Creatures
  4 adders (D:2)
  A worm (D:2)
  2 dart slugs (D:1)
  2 leopard geckos
  A ball python (D:2)
  6 bats
  3 giant cockroaches
  2 goblins
  4 hobgoblins (D:2)
  A quokka (D:2)
  2 frilled lizards
  5 kobolds
  2 rats (D:2)
35 creatures vanquished.

Notes
Turn   | Place    | Note
-------+----------+-------------------------------------------
     0 | D:1      | batai666 the Gargoyle Earth Elementalist began the quest for the Orb.
     0 | D:1      | Reached XP level 1. HP: 10/10 MP: 3/3
   220 | D:1      | Reached skill level 4 in Earth Magic
   220 | D:1      | Reached XP level 2. HP: 5/15 MP: 3/5
   832 | D:2      | Reached XP level 3. HP: 7/19 MP: 0/7
  1075 | D:2      | Found a basalt altar of Yredelemnul.
  1088 | D:2      | Reached XP level 4. HP: 16/24 MP: 5/8
  1386 | D:2      | Reached skill level 5 in Earth Magic
  1417 | D:2      | Learned a level 3 spell: Stone Arrow
  1993 | D:3      | Noticed shakethe's ghost (weakling DsGl)
  2104 | D:3      | Mangled by shakethe's ghost

Skill      XL: |  1  2  3  4 |
---------------+-------------+-----
Earth Magic    | 4 5 |  5.0
Spellcasting   | 3 |  3.2
Dodging        | |  1.5
Stealth        | |  2.1
Conjurations   | |  0.3
Transmutations | |  0.7

Action                   |  1- 3 |  4- 6 || total
-------------------------+-------+-------++-------
Melee: Spear             |     5 |       ||     5
       Short sword       |    39 |    37 ||    76
 Cast: Sandblast         |    23 |     7 ||    30
       Stone Arrow       |       |     5 ||     5
  Use: Scroll            |     1 |       ||     1
 Stab: Sleeping          |     2 |     1 ||     3
  Eat: Chunk             |     1 |     2 ||     3
       Ration            |       |     1 ||     1
Armor: Robe              |    35 |    22 ||    57
Dodge: Dodged            |    46 |    36 ||    82
